 Dungeon Crawl Stone Soup version 0.25-a0-435-g4b9beb1024 (webtiles) character file.

Game seed: 511916598186473562, levelgen mode: deterministic

187890 Nattfarinn the Convoker (level 17, -3/106 HPs)
             Began as a Tengu Summoner on Jan 27, 2020.
             Was a High Priest of Sif Muna.
             Slain by a harpy (4 damage)
             ... on level 2 of the Vaults.
             The game lasted 03:59:08 (55423 turns).

Nattfarinn the Convoker (Tengu Summoner)           Turns: 55423, Time: 03:59:10

Health: -3/106     AC: 16    Str: 12    XL:     17   Next: 75%
Magic:  32/32      EV: 30    Int: 24    God:    Sif Muna [*****.]
Gold:   2204       SH:  0    Dex: 15    Spells: 3/36 levels left

rFire    . . .     SeeInvis +   S - +9 glaive of Hayrokh {freeze, Dex+4}
rCold    + . .     Gourm    .   (shield currently unavailable)
rNeg     + + +     Faith    .   R - +2 ring mail "Moquzuc" {*Drain rElec rPois rN+++}
rPois    +         Spirit   .   (helmet restricted)
rElec    +         Reflect  .   n - +1 cloak of Starlight {rElec rC+ EV+4 Stlth--}
rCorr    .         Harm     .   D - +2 pair of gloves
MR       +....                  (boots unavailable)
Stlth    ..........             (no amulet)
HPRegen  0.27/turn              o - ring "Coll" {rPois Int+4 Dex-3 SInv Stlth-}
MPRegen  0.23/turn              G - +6 ring of evasion

@: marked, flying quickly and evasively, quick
A: beak, talons 3, able to fly
}: 2/15 runes: decaying, gossamer
a: Stop Flying, Channel Magic, Forget Spell, Divine Exegesis, Renounce Religion


You were on level 2 of the Vaults.
You worshipped Sif Muna.
Sif Muna was extremely pleased with you.
You were not hungry.

You visited 6 branches of the dungeon, and saw 33 of its levels.
You also visited: Wizlab.

You collected 3962 gold pieces.
You spent 1758 gold pieces at shops.

Inventory:

Hand Weapons
 l - the +9 sword of Zonguldrok {reap}
   (You found it in a wizard's laboratory)

   If a monster killed with it leaves a corpse in good enough shape, the corpse
   will be animated as a zombie friendly to the killer.
 y - a +6 vampiric hand axe
 S - the +9 glaive of Hayrokh (weapon) {freeze, Dex+4}
   (You found it on level 6 of the Lair of Beasts)

   It has been specially enchanted to freeze those struck by it, causing extra
   injury to most foes and up to half again as much damage against particularly
   susceptible opponents.
   It can also slow down cold-blooded creatures.
   It affects your dexterity (+4).
Armour
 n - the +1 cloak of Starlight (worn) {rElec rC+ EV+4 Stlth--}
   (You found it on level 9 of the Dungeon)

   It affects your evasion (+4).
   It protects you from cold.
   It insulates you from electricity.
   It makes you much less stealthy.
   If you remove this armour, your AC will fall 3 points (16 -> 13)
 D - a +2 pair of gloves (worn)
 R - the +2 ring mail "Moquzuc" (worn) {*Drain rElec rPois rN+++}
   (You found it on level 6 of the Lair of Beasts)

   It insulates you from electricity.
   It protects you from poison.
   It renders you almost immune to negative energy.
   It causes draining when unequipped.
   If you remove this armour, your AC will fall 10 points (16 -> 6)
Jewellery
 a - a +5 ring of intelligence
 g - an uncursed ring of see invisible
 o - the ring "Coll" (left hand) {rPois Int+4 Dex-3 SInv Stlth-}
   (You found it on level 1 of the Spider Nest)

   [ring of attention]

   It affects your intelligence (+4).
   It affects your dexterity (-3).
   It protects you from poison.
   It lets you see invisible.
   It makes you less stealthy.
 F - an uncursed ring of wizardry
 G - a +6 ring of evasion (right hand)
 L - an uncursed ring of protection from fire
 T - an uncursed ring of magical power
Wands
 r - a wand of paralysis (25)
 t - a wand of flame (42)
 u - a wand of scattershot (19)
 v - a wand of iceblast (40)
 z - a wand of polymorph (15)
 J - a wand of enslavement (24)
 M - a wand of disintegration (18)
 U - a wand of clouds (6)
Scrolls
 b - 3 scrolls of identify
 h - a scroll of torment
 i - a scroll of brand weapon
 j - 4 scrolls of vulnerability
 k - 25 scrolls of remove curse
 q - 3 scrolls of amnesia
 w - 7 scrolls of immolation
 B - 3 scrolls of fog
 C - 13 scrolls of teleportation
 E - 6 scrolls of magic mapping
 K - a scroll of silence
 V - a scroll of enchant armour
 Z - 2 scrolls of fear
Potions
 d - 5 potions of magic
 e - 4 potions of brilliance
 f - 3 potions of resistance
 m - 9 potions of might
 p - 4 potions of cancellation
 s - 3 potions of berserk rage
 x - 5 potions of invisibility
 A - 5 potions of curing
 H - 6 potions of haste
 N - a potion of lignification {unknown}
 O - a potion of heal wounds
 Q - 3 potions of agility
 Y - 4 potions of ambrosia
Miscellaneous
 I - a phantom mirror
Comestibles
 c - 5 rations


   Skills:
 - Level 11.7 Fighting
 * Level 13.2 Armour
 - Level 10.4 Dodging
 - Level 2.0 Stealth
 - Level 10.2 Spellcasting
 - Level 20.4 Summonings
 - Level 11.6 Translocations
 - Level 4.0 Air Magic


You had 3 spell levels left.
You knew the following spells:

 Your Spells              Type           Power        Failure   Level  Hunger
a - Shadow Creatures      Summ           N/A          1%          6    ######.
b - Malign Gateway        Summ/Tloc      ######....   11%         7    #######
d - Summon Lightning Spi  Summ/Air       ######..     1%          4    #......
e - Summon Mana Viper     Hex/Summ       ######..     3%          5    ####...
f - Summon Ice Beast      Ice/Summ       ######..     1%          4    #......
g - Summon Hydra          Summ           #######...   1%          7    #######

Your spell library contained the following spells:

 Spells                   Type           Power        Failure   Level  Hunger
 Summon Butterflies       Summ           #######.     0%          1    None
 Summon Small Mammal      Summ           ####         0%          1    None
 Call Imp                 Summ           #######.     0%          2    None
 Call Canine Familiar     Summ           #######.     0%          3    None
 Apportation              Tloc           ######       1%          1    None
 Blink                    Tloc           N/A          1%          2    None
 Shroud of Golubria       Chrm/Tloc      #####.       1%          2    None
 Gell's Gravitas          Tloc           ######....   1%          3    None
 Lesser Beckoning         Tloc           ######....   1%          3    None
 Recall                   Summ/Tloc      N/A          1%          3    None
 Summon Guardian Golem    Hex/Summ       ######..     1%          3    None
 Teleport Other           Tloc           ######..     1%          3    None
 Portal Projectile        Hex/Tloc       #####.       2%          3    None
 Corpse Rot               Necr/Air       N/A          6%          2    None
 Poisonous Vapours        Pois/Air       ###...       6%          2    None
 Animate Skeleton         Necr           N/A          10%         1    None
 Beastly Appendage        Tmut           ##....       10%         1    None
 Corona                   Hex            ##.....      10%         1    None
 Foxfire                  Conj/Fire      ##..         10%         1    None
 Sting                    Tmut/Pois      ##..         10%         1    None
 Static Discharge         Conj/Air       ###.....     12%         3    None
 Ensorcelled Hibernation  Hex/Ice        ##....       14%         2    None
 Searing Ray              Conj           ##....       14%         2    None
 Song of Slaying          Chrm           ##......     14%         2    None
 Sticks to Snakes         Tmut           ##......     14%         2    None
 Sublimation of Blood     Necr           ##........   14%         2    None
 Mephitic Cloud           Conj/Pois/Air  ###.....     16%         3    None
 Confusing Touch          Hex            ##......     28%         3    None
 Conjure Flame            Conj/Fire      ##......     28%         3    None
 Dazzling Flash           Conj/Hex       ##....       28%         3    None
 Ignite Poison            Fire/Tmut/Pois ##......     28%         3    None
 Spider Form              Tmut/Pois      ##........   28%         3    None
 Stone Arrow              Conj/Erth      ##....       28%         3    None
 Tukima's Dance           Hex            ##......     28%         3    None
 Passage of Golubria      Tloc           N/A          1%          4    #......
 Aura of Abjuration       Summ           #######...   1%          5    ####...
 Summon Demon             Summ           #######...   1%          5    ####...
 Summon Forest            Summ/Tloc      ######....   1%          5    ####...
 Monstrous Menagerie      Summ           #######...   1%          7    #######
 Summon Greater Demon     Summ           #######...   1%          7    #######
 Iskenderun's Mystic Bla  Conj/Tloc      #####...     9%          4    #......
 Dispersal                Tloc           ######....   12%         6    ######.
 Summon Horrible Things   Summ           #######...   14%         8    #######
 Cause Fear               Hex            ##........   67%         4    #......
 Dispel Undead            Necr           ##......     67%         4    #......
 Fulminant Prism          Conj/Hex       ##........   67%         4    #......
 Ice Form                 Ice/Tmut       ##......     67%         4    #......
 Olgreb's Toxic Radiance  Pois           ##......     67%         4    #......
 Petrify                  Tmut/Erth      ##......     67%         4    #......
 Sticky Flame             Conj/Fire      ##......     67%         4    #......
 Haunt                    Necr/Summ      ######....   75%         7    #######
 Spellforged Servitor     Conj/Summ      ######....   75%         7    #######
 Dragon's Call            Summ           #######...   91%         9    #######
 Agony                    Necr           ##......     95%         5    ####...
 Alistair's Intoxication  Tmut/Pois      ##......     95%         5    ####...
 Blade Hands              Tmut           ##........   95%         5    ####...
 Bolt of Magma            Conj/Fire/Erth ##........   95%         5    ####...
 Excruciating Wounds      Chrm/Necr      ##........   95%         5    ####...
 Fireball                 Conj/Fire      ##........   95%         5    ####...
 Irradiate                Conj/Tmut      ##........   95%         5    ####...
 Iskenderun's Battlesphe  Conj/Chrm      ##......     95%         5    ####...
 Metabolic Englaciation   Hex/Ice        ##........   95%         5    ####...
 Yara's Violent Unravell  Hex/Tmut       ##........   95%         5    ####...
 Controlled Blink         Tloc           N/A          99%         8    #######
 Disjunction              Tloc           ######....   99%         8    #######
 Death Channel            Necr           ##........   100%        6    ######.
 Eringya's Noxious Bog    Tmut/Pois      ##........   100%        6    ######.
 Freezing Cloud           Conj/Ice/Air   ###.......   100%        6    ######.
 Hydra Form               Tmut           ##........   100%        6    ######.
 Invisibility             Hex            ##......     100%        6    ######.
 Iron Shot                Conj/Erth      ##........   100%        6    ######.
 Statue Form              Tmut/Erth      ##.......    100%        6    ######.
 Dragon Form              Tmut           ##........   100%        7    #######
 Ring of Flames           Chrm/Fire      ##........   100%        7    #######


Dungeon Overview and Level Annotations

Branches:
Dungeon (15/15)            Temple (0/1) D:5            Lair (6/6) D:9
  Swamp (4/4) Lair:4       Spider (4/4) Lair:2        Slime (0/5) Lair:6
    Orc (2/2) D:9             Elf (0/3) Orc:2        Vaults (2/5) D:14
 Depths (0/5) D:15         WizLab (visited)
  Crypt: Vaults:2-3

Altars:
Ashenzari
Dithmenos
Fedhas
Nemelex Xobeh
Qazlal
Sif Muna
Wu Jian
Xom
Yredelemnul
Zin
The Shining One
Jiyva

Shops:
D:6 ?   Orc:1 !   Orc:2 %%:(   Vaults:1 (

Portals:
Pandemonium: Orc:2

Annotations:
Orc:2 1 runed translucent door, exclusion: 4 orange crystal statues
Vaults:2 Xtahua


Innate Abilities, Weirdness & Mutations

You have a beak for a mouth.
You have claws for feet.
You can fly continuously.


Message History

The harpy barely misses you. The harpy completely misses you. x2
The harpy misses you. The harpy completely misses you. x2
The harpy barely misses you. The harpy misses you.
The harpy claws you but does no damage. The harpy completely misses you. x2
The harpy barely misses you. The harpy completely misses you.
The harpy claws you but does no damage.
There is a stone staircase leading up here.
The harpy claws you. The harpy barely misses you.
The harpy completely misses you. The harpy claws you.
* * * LOW HITPOINT WARNING * * *
The harpy claws you but does no damage. The harpy closely misses you.
The harpy claws you!
* * * LOW HITPOINT WARNING * * *
The harpy claws you but does no damage. The harpy claws you!
* * * LOW HITPOINT WARNING * * *
The harpy completely misses you. The harpy claws you but does no damage.
The harpy completely misses you. The harpy closely misses you.
The harpy completely misses you. The harpy closely misses you.
The harpy claws you but does no damage. The harpy claws you.
You die...

...............,,,,,,,,,,,,,,,,,,
..............,,,,,,,,,,,,,,,,,,,
######....####******************,
#....# *, #....############ *,
#....#...((.....# *,
#...)#(.........# *,
#...(DO...H.....# *, **
#...(#.(..H@....#**********, ,*
#..O.#....HHH...#*,,,,,,,,*, ,*
#....#.....(....#*,,,,,,,,+, .*
#....############*,,,,,,,,*,
.#####.H..# *,,,,<,,,+,
..))(#.D..# *,,,,,,,,*,
..))[')HO.# *,,,,,,,,*,
.#####.(..# *,,,,,,,,+, .* #....#
*,,,,,,,,*,


You could see Xtahua, 5 harpies and an ogre.

Vanquished Creatures
  Arachne (Spider:2)
  3 ghost moths
  An emperor scorpion (Spider:1)
  A vault warden (Vaults:1)
  An ironheart preserver (Vaults:1)
  3 ice dragons
  A ghost crab (Swamp:4)
  2 vault guards (D:14)
  3 alligators
  7 two-headed ogres
  3 centaur warriors
  An orc high priest (Orc:2)
  A sun demon (Orc:2)
  2 skeletal warriors (WizLab)
  A swamp dragon (Swamp:1)
  An ironbrand convoker (Vaults:1)
  A mana viper (shapeshifter) (Vaults:1)
  A shining eye (shapeshifter) (D:15)
  An orb spider (Spider:4)
  10 wolf spiders
  3 ugly things
  3 orc sorcerers (Orc:2)
  2 cyclopes
  A manticore (D:13)
  2 black mambas (Lair:6)
  A centaur zombie (D:14)
  A rust devil (Orc:2)
  3 vault sentinels
  7 spiny frogs
  A torpor snail (Lair:6)
  3 gargoyles
  3 demonic crawlers (Spider:3)
  6 yaktaurs
  2 ice devils
  A komodo dragon (D:12)
  3 trolls
  17 jumping spiders
  A merfolk (D:11)
  4 tyrant leeches
  9 hornets
  3 hippogriffs
  3 bog bodies
  6 slime creatures
  3 vampires (WizLab)
  2 wraiths
  8 tarantellas
  A centaur simulacrum (D:14)
  23 redbacks
  2 shadows
  A human (D:11)
  A wyvern (Lair:6)
  5 yaks
  10 vampire mosquitoes
  A hungry ghost (D:13)
  3 insubstantial wisps (Swamp:4)
  A warg (Vaults:1)
  8 swamp worms
  3 two-headed ogre zombies
  2 water moccasins
  A porcupine (D:9)
  3 swamp drakes
  11 orc warriors
  An ice beast (D:13)
  A hornet zombie (D:15)
  A black bear (D:13)
  An eye of draining (D:15)
  12 ogres
  2 wolves
  2 centaurs
  A crocodile (D:15)
  4 bullfrogs
  4 scorpions
  2 wyvern skeletons
  5 troll zombies (WizLab)
  A human simulacrum (Vaults:1)
  4 killer bees (D:11)
  7 wights
  A crimson imp (D:14)
  A hound (D:5)
  13 orc priests
  7 orc wizards
  2 centaur skeletons
  An iguana (D:10)
  3 worker ants
  2 ogre zombies (WizLab)
  A leopard gecko (D:9)
  17 orcs
  6 bats
  2 giant cockroaches (D:3)
  2 goblins (D:1)
  4 hobgoblins
  5 jackals
  4 kobolds
  A quokka (D:8)
  2 ball pythons
  3 frilled lizards
  A rat (D:3)
345 creatures vanquished.

Vanquished Creatures (collateral kills)
  An ancient lich (WizLab)
  the Lernaean hydra (Swamp:4)
  Jorgrun (Swamp:2)
  Frances (Spider:2)
  An ancient champion (WizLab)
  A thorn hunter (Swamp:1)
  Roxanne (Swamp:3)
  3 ghost moths (Spider:4)
  5 emperor scorpions
  2 vault wardens
  3 ironheart preservers (Vaults:1)
  A very ugly thing (Swamp:3)
  7 entropy weavers
  A dire elephant (Lair:6)
  A fire dragon (D:14)
  4 ogre magi
  A great orb of eyes (Vaults:1)
  3 vault guards (D:14)
  4 centaur warriors
  19 hydras
  A ghost crab (Swamp:4)
  8 two-headed ogres
  5 alligators
  2 death knights (Vaults:1)
  Erica (D:8)
  4 catoblepae
  3 death yaks (Lair:6)
  Urug (Orc:1)
  Nergalle (Lair:3)
  5 orc high priests (Orc:2)
  2 spriggans (Swamp:3)
  A deep elf knight (D:14)
  7 skeletal warriors
  2 unseen horrors
  2 wizards
  2 gelid demonspawn (Orc:2)
  A spriggan druid (Swamp:4)
  8 swamp dragons
  An ironbrand convoker (Vaults:1)
  A glowing orange brain (D:15)
  2 ugly things (D:15)
  Pikel (D:8)
  A deep elf mage (D:11)
  15 orb spiders
  14 wolf spiders
  7 orc knights
  5 orc sorcerers
  2 manticores (Lair:6)
  10 black mambas
  2 cyclopes
  A moth of wrath (Spider:4)
  A guardian serpent (Lair:6)
  A rust devil (Orc:1)
  5 vault sentinels
  A torpor snail (Spider:4)
  6 elephants (Lair:6)
  3 centaur skeletons
  4 gargoyles
  15 spiny frogs
  Maggie (D:10)
  9 komodo dragons
  16 yaktaurs
  9 demonic crawlers
  A hellwing (Orc:2)
  2 freezing wraiths (Vaults:1)
  17 jumping spiders
  3 meliai
  A jumping spider (shapeshifter) (D:15)
  A troll (D:13)
  2 polar bears
  15 slime creatures
  11 hornets
  A sphinx simulacrum (Vaults:1)
  7 tyrant leeches
  3 bog bodies
  6 dream sheep
  11 hippogriffs
  6 blink frogs
  42 redbacks
  A shadow (D:12)
  A wraith (Vaults:1)
  15 tarantellas
  A vampire (WizLab)
  A basilisk (shapeshifter) (D:15)
  15 wyverns
  53 yaks
  2 basilisks (D:9)
  A chaos spawn (Orc:2)
  A neqoxec (Orc:2)
  A hungry ghost (D:8)
  8 vampire mosquitoes
  Menkaure (D:4)
  Edmund (D:4)
  2 wargs
  3 two-headed ogre zombies (WizLab)
  A soldier ant (D:13)
  An insubstantial wisp (Swamp:4)
  5 swamp worms
  7 porcupines
  21 water moccasins
  7 swamp drakes
  2 ice beasts
  15 orc warriors
  A sky beast (D:6)
  5 black bears
  9 wolves
  11 centaurs
  An eye of draining (D:8)
  13 ogres
  12 crocodiles
  A big kobold (D:8)
  5 bullfrogs
  2 troll zombies (WizLab)
  5 scorpions
  13 wights
  8 killer bees
  3 howler monkeys
  2 crimson imps
  A jelly (D:9)
  3 quasits
  3 bullfrog skeletons
  2 hounds
  16 orc priests
  10 orc wizards
  5 iguanas
  3 worker ants
  An ogre zombie (WizLab)
  8 adders
  17 gnolls
  2 oozes
  3 adder skeletons
  3 dart slugs
  44 orcs
  2 bats (D:3)
  5 giant cockroaches
  6 goblins
  2 hobgoblins
  5 jackals (D:6)
  4 quokkas
  2 ball pythons
  3 frilled lizards
  7 kobolds
  A rat (D:2)
  4 fungi
798 creatures vanquished.

Vanquished Creatures (others)
  15 eldritch tentacles
  A swamp dragon (Swamp:4)
  2 insubstantial wisps (Swamp:4)
  A slave (D:8)
  A scorpion (D:8)
  An adder (D:8)
  A giant cockroach (D:8)
  A bush (D:9)
  43 fungi
  47 plants
113 creatures vanquished.

Grand Total: 1256 creatures vanquished

Notes
Turn   | Place    | Note
-------+----------+-------------------------------------------
     0 | D:1      | Nattfarinn the Tengu Summoner began the quest for the Orb.
     0 | D:1      | Reached XP level 1. HP: 10/10 MP: 4/4
   297 | D:1      | Reached skill level 5 in Summonings
   353 | D:1      | Reached XP level 2. HP: 5/16 MP: 3/6
   567 | D:1      | Learned a level 2 spell: Call Imp
  1331 | D:1      | Reached skill level 1 in Armour
  1639 | D:2      | Reached XP level 3. HP: 20/20 MP: 3/7
  1644 | D:2      | Learned a level 3 spell: Call Canine Familiar
  1763 | D:2      | Found a blossoming altar of Fedhas.
  1769 | D:2      | Reached skill level 1 in Fighting
  2602 | D:3      | Reached XP level 4. HP: 25/25 MP: 2/8
  2834 | D:3      | Found a shadowy altar of Dithmenos.
  3230 | D:4      | Reached skill level 6 in Summonings
  3230 | D:4      | Gained mutation: You can fly continuously. [Tengu growth]
  3230 | D:4      | Reached XP level 5. HP: 30/30 MP: 2/10
  3503 | D:4      | Noticed an ogre
  3513 | D:4      | Killed an ogre
  3532 | D:4      | Noticed Edmund
  3562 | D:4      | Killed Edmund
  3562 | D:4      | Reached XP level 6. HP: 35/35 MP: 2/11
  3568 | D:4      | Learned a level 4 spell: Summon Lightning Spire
  3582 | D:4      | Noticed Menkaure
  3588 | D:4      | Killed Menkaure
  4032 | D:4      | Reached skill level 1 in Air Magic
  4153 | D:5      | Entered Level 5 of the Dungeon
  4559 | D:5      | Reached skill level 7 in Summonings
  4565 | D:5      | Reached XP level 7. HP: 13/40 MP: 2/13
  4787 | D:5      | Found a stormy altar of Qazlal.
  4811 | D:5      | Found a shimmering blue altar of Sif Muna.
  4841 | D:5      | Became a worshipper of Sif Muna the Loreminder
  4967 | D:5      | Found a staircase to the Ecumenical Temple.
  5529 | D:6      | Found a shimmering altar of Xom.
  6009 | D:6      | Reached * piety under Sif Muna
  6028 | D:6      | Found Liaq's Magic Scroll Shoppe.
  6053 | D:6      | Bought a scroll of identify for 26 gold pieces
  6053 | D:6      | Bought a scroll of fog for 26 gold pieces
  6053 | D:6      | Bought a scroll of identify for 26 gold pieces
  6053 | D:6      | Bought a scroll of identify for 26 gold pieces
  6053 | D:6      | Bought a scroll of amnesia for 45 gold pieces
  6053 | D:6      | Bought a scroll of fog for 26 gold pieces
  6053 | D:6      | Bought a scroll of teleportation for 39 gold pieces
  6053 | D:6      | Bought a scroll of teleportation for 39 gold pieces
  6053 | D:6      | Bought a scroll of random uselessness for 13 gold pieces
  6293 | D:6      | Found a sparkling altar of Nemelex Xobeh.
  7029 | D:7      | Reached skill level 8 in Summonings
  7029 | D:7      | Reached XP level 8. HP: 46/46 MP: 14/14
  7466 | D:7      | Found a glowing silver altar of Zin.
  7917 | D:8      | Found a glowing golden altar of the Shining One.
  8008 | D:8      | Reached skill level 9 in Summonings
  8011 | D:8      | Reached ** piety under Sif Muna
  8178 | D:8      | Noticed Erica
  8208 | D:8      | Killed Erica
  8208 | D:8      | Reached skill level 5 in Dodging
  8208 | D:8      | Reached XP level 9. HP: 29/53 MP: 16/16
  8237 | D:8      | Noticed Pikel
  8253 | D:8      | Killed Pikel
  8253 | D:8      | Reached skill level 5 in Fighting
  8253 | D:8      | Reached skill level 10 in Summonings
  8615 | D:9      | Found a staircase to the Orcish Mines.
  9076 | D:9      | Found a basalt altar of Yredelemnul.
  9186 | D:9      | Reached skill level 11 in Summonings
  9339 | D:9      | Reached XP level 10. HP: 60/60 MP: 17/17
  9409 | D:9      | Found an ornate altar of the Wu Jian Council.
  9415 | D:9      | Found the +1 cloak of Starlight {rElec rC+ EV+4 Stlth--}
  9421 | D:9      | Reached *** piety under Sif Muna
  9645 | D:9      | Reached skill level 12 in Summonings
  9716 | D:9      | Found a staircase to the Lair.
 10020 | D:10     | Entered Level 10 of the Dungeon
 10041 | D:10     | Noticed Maggie
 10060 | D:10     | Killed Maggie
 10171 | D:10     | Learned a level 3 spell: Tukima's Dance
 10368 | D:10     | Killed an unseen horror
 11031 | Lair:1   | Entered Level 1 of the Lair of Beasts
 11227 | Lair:1   | Noticed a black mamba
 11238 | Lair:1   | Killed a black mamba
 11238 | Lair:1   | Reached skill level 13 in Summonings
 11352 | Lair:1   | Noticed a spiny frog
 11360 | Lair:1   | Killed a spiny frog
 11534 | Lair:1   | Noticed a spiny frog
 11546 | Lair:1   | Killed a spiny frog
 11724 | Lair:1   | Reached **** piety under Sif Muna
 11856 | Lair:1   | Noticed an eight-headed hydra
 11866 | Lair:1   | Killed an eight-headed hydra
 11866 | Lair:1   | Reached XP level 11. HP: 67/67 MP: 18/18
 12623 | Lair:2   | Found a hole to the Spider Nest.
 12876 | Lair:3   | Noticed Nergalle
 12884 | Lair:3   | Killed Nergalle
 12884 | Lair:3   | Reached skill level 5 in Armour
 13741 | Lair:3   | Learned a level 4 spell: Summon Ice Beast
 14025 | Lair:3   | Reached skill level 14 in Summonings
 14304 | Lair:4   | Got a ripped robe
 14315 | Lair:4   | Identified the +1 robe of the Harp {rC+ Int+2} (You found
                  | it on level 4 of the Lair of Beasts)
 14325 | Lair:4   | Found a sparkling altar of Nemelex Xobeh.
 14705 | Lair:4   | Noticed a five-headed hydra
 14712 | Lair:4   | Killed a five-headed hydra
 14801 | Lair:4   | Found a staircase to the Swamp.
 15476 | Lair:5   | Reached XP level 12. HP: 66/75 MP: 15/19
 15666 | Lair:5   | Reached ***** piety under Sif Muna
 15666 | Lair:5   | Identified Sif Muna's Handbook of Helpful Companions (Sif
                  | Muna gifted it to you on level 5 of the Lair of Beasts)
 15666 | Lair:5   | Received a gift from Sif Muna
 15890 | Lair:5   | Got a shimmering plate armour
 15901 | Lair:5   | Identified the +2 plate armour of Kuroigi {rElec Regen+
                  | Slay-6} (You found it on level 5 of the Lair of Beasts)
 15916 | Lair:5   | Noticed a catoblepas
 15923 | Lair:5   | Killed a catoblepas
 16332 | Lair:6   | Entered Level 6 of the Lair of Beasts
 16704 | Lair:6   | Noticed a four-headed hydra
 16711 | Lair:6   | Killed a four-headed hydra
 16822 | Lair:6   | Reached skill level 15 in Summonings
 17199 | Lair:6   | Noticed a catoblepas
 17217 | Lair:6   | Killed a catoblepas
 17345 | Lair:6   | Reached skill level 10 in Dodging
 17487 | Lair:6   | Noticed a death yak
 17491 | Lair:6   | Noticed a death yak
 17501 | Lair:6   | Killed a death yak
 17517 | Lair:6   | Killed a death yak
 18453 | Lair:6   | Reached XP level 13. HP: 80/80 MP: 20/20
 18488 | Lair:6   | Identified Sif Muna's Disquisition on Sinister Arts and
                  | Slavery (Sif Muna gifted it to you on level 6 of the Lair
                  | of Beasts)
 18488 | Lair:6   | Received a gift from Sif Muna
 18510 | Lair:6   | Found a staircase to the Slime Pits.
 18549 | Lair:6   | Found a viscous altar of Jiyva.
 18705 | Lair:6   | Got a jade-encrusted ring mail
 18716 | Lair:6   | Identified the +2 ring mail "Moquzuc" {*Drain rElec rPois
                  | rN+++} (You found it on level 6 of the Lair of Beasts)
 18746 | Lair:6   | Reached skill level 10 in Armour
 18756 | Lair:6   | Learned a level 6 spell: Shadow Creatures
 18911 | Lair:6   | Got a translucent glaive
 19135 | Lair:6   | Identified the +9 glaive of Hayrokh {freeze, Dex+4} (You
                  | found it on level 6 of the Lair of Beasts)
 19289 | Lair:6   | Reached skill level 16 in Summonings
 19346 | Lair:6   | Noticed a dire elephant
 19774 | Lair:6   | HP: 4/81 [dire elephant (6)]
 20045 | Lair:6   | Killed a dire elephant
 20480 | Orc:1    | Entered Level 1 of the Orcish Mines
 20623 | Orc:1    | Noticed Urug
 20637 | Orc:1    | Killed Urug
 20826 | Orc:1    | Reached skill level 5 in Spellcasting
 20832 | Orc:1    | Found a shimmering altar of Xom.
 20874 | Orc:1    | Found Joas Rog's Distillery.
 21102 | Orc:2    | Entered Level 2 of the Orcish Mines
 21118 | Orc:2    | Found a runed translucent door.
 21352 | Orc:2    | Found the +10 large shield of Ignorance {rN+ Int-4}
 21356 | Orc:2    | Found a runed translucent door.
 21641 | Orc:2    | Reached skill level 10 in Fighting
 21674 | Orc:2    | Found Wuewocao's Food Shoppe.
 22575 | Orc:2    | Found Hiusecosk's Food Emporium.
 24438 | Orc:2    | Found a staircase to the Elven Halls.
 24735 | Orc:2    | Found Tuxkopoll's Book Shop.
 24735 | Orc:2    | Found a one-way gate leading to the halls of Pandemonium.
 24735 | Orc:2    | Found Hutiadug's Antique Weapon Boutique.
 24829 | Orc:2    | Bought a book of Summonings for 700 gold pieces
 24835 | Orc:2    | Learned a level 5 spell: Summon Mana Viper
 25136 | Orc:1    | Bought a potion of haste for 110 gold pieces
 25136 | Orc:1    | Bought 2 potions of haste for 220 gold pieces
 25136 | Orc:1    | Bought a potion of magic for 88 gold pieces
 25136 | Orc:1    | Bought a potion of magic for 88 gold pieces
 25136 | Orc:1    | Bought a potion of haste for 110 gold pieces
 25136 | Orc:1    | Bought a potion of heal wounds for 55 gold pieces
 25136 | Orc:1    | Bought 2 potions of agility for 88 gold pieces
 25136 | Orc:1    | Bought a potion of curing for 33 gold pieces
 25618 | Orc:2    | Paralysed by an orc sorcerer for 2 turns
 26215 | D:11     | Found a shattered altar of Ashenzari.
 26305 | D:11     | Reached XP level 14. HP: 88/88 MP: 21/25
 27681 | D:12     | Identified Dispater's Tome of the Rocks and the Escort (Sif
                  | Muna gifted it to you on level 12 of the Dungeon)
 27681 | D:12     | Received a gift from Sif Muna
 28817 | D:13     | Reached skill level 17 in Summonings
 29749 | D:14     | Received a gift from Sif Muna
 30555 | D:14     | Found a gate to the Vaults.
 30887 | D:15     | Entered Level 15 of the Dungeon
 31049 | D:14     | Learned a level 7 spell: Summon Hydra
 32220 | D:15     | Reached XP level 15. HP: 95/95 MP: 16/29
 32313 | D:15     | Paralysed by a great orb of eyes for 7 turns
 32458 | D:15     | Found a staircase to the Depths.
 32840 | D:15     | Reached skill level 10 in Spellcasting
 33269 | Spider:1 | Entered Level 1 of the Spider Nest
 33617 | Lair:2   | Identified Asmodeus's Compendium of Confrontation (Sif Muna
                  | gifted it to you on level 2 of the Lair of Beasts)
 33617 | Lair:2   | Received a gift from Sif Muna
 33623 | Lair:2   | Learned a level 3 spell: Recall
 33878 | Lair:2   | Reached skill level 1 in Translocations
 34413 | Spider:1 | Got a coiled silver ring
 34548 | Spider:1 | Noticed an emperor scorpion
 34586 | Spider:1 | Killed an emperor scorpion
 34862 | Spider:1 | Identified the ring "Coll" {rPois Int+4 Dex-3 SInv Stlth-}
                  | (You found it on level 1 of the Spider Nest)
 35567 | Spider:2 | Noticed Frances
 35676 | Spider:2 | Killed Frances
 36063 | Spider:2 | Reached skill level 5 in Translocations
 36191 | Spider:2 | HP: 4/96 [wolf spider (10)]
 36909 | Spider:2 | Noticed a ghost moth
 36929 | Spider:2 | Killed a ghost moth
 37070 | Spider:2 | Noticed Arachne
 37083 | Spider:2 | Killed Arachne
 37225 | Spider:2 | Noticed an emperor scorpion
 37232 | Spider:2 | Killed an emperor scorpion
 37528 | Spider:3 | Identified Sif Muna's Grimoire of Creative Dislocation (Sif
                  | Muna gifted it to you on level 3 of the Spider Nest)
 37528 | Spider:3 | Received a gift from Sif Muna
 38827 | Spider:4 | Entered Level 4 of the Spider Nest
 39009 | Spider:3 | Paralysed by a hornet for 1 turns
 39102 | Spider:4 | Noticed a ghost moth
 39102 | Spider:4 | Noticed an emperor scorpion
 39586 | Spider:3 | Killed an emperor scorpion
 39586 | Spider:3 | Reached XP level 16. HP: 69/101 MP: 12/31
 40777 | Spider:4 | Received a gift from Sif Muna
 41888 | Spider:4 | Paralysed by a hornet for 3 turns
 42806 | Spider:4 | Reached skill level 10 in Translocations
 43799 | Spider:4 | Got a gossamer rune of Zot
 44257 | Lair:2   | Learned a level 7 spell: Malign Gateway
 44309 | Swamp:1  | Entered Level 1 of the Swamp
 44704 | Swamp:1  | Noticed a thorn hunter
 44709 | Swamp:1  | Killed a thorn hunter
 44808 | Swamp:1  | HP: 5/101 [alligator (10)]
 45646 | Swamp:1  | Identified Sif Muna's Almanac of the Traveller (Sif Muna
                  | gifted it to you on level 1 of the Swamp)
 45646 | Swamp:1  | Received a gift from Sif Muna
 47188 | Swamp:2  | Noticed Jorgrun
 47193 | Swamp:2  | Killed Jorgrun
 47193 | Swamp:2  | Reached skill level 18 in Summonings
 47990 | Swamp:3  | Identified Roxanne's Incunabulum of Transmutation
 47990 | Swamp:3  | Noticed Roxanne
 48010 | Swamp:3  | Killed Roxanne
 48764 | Swamp:4  | Entered Level 4 of the Swamp
 49533 | Swamp:4  | Noticed the 27-headed Lernaean hydra
 49561 | Swamp:4  | Killed the 26-headed Lernaean hydra
 49561 | Swamp:4  | Reached XP level 17. HP: 101/106 MP: 9/32
 50112 | Swamp:4  | Got a decaying rune of Zot
 50178 | Swamp:4  | Reached skill level 19 in Summonings
 50610 | Vaults:1 | Entered Level 1 of the Vaults
 50813 | Vaults:1 | Identified Puxteut's Tome of Slavery and Displacement (Sif
                  | Muna gifted it to you on level 1 of the Vaults)
 50813 | Vaults:1 | Received a gift from Sif Muna
 51355 | Vaults:1 | Found Jukhlupn's Weapon Boutique.
 52874 | Vaults:1 | Reached skill level 20 in Summonings
 54149 | Vaults:2 | Found a magical portal.
 54637 | WizLab   | Identified Opoit's Volume of Combat Magic (Sif Muna gifted
                  | it to you in a wizard's laboratory)
 54637 | WizLab   | Received a gift from Sif Muna
 54775 | WizLab   | Noticed an ancient champion
 54789 | WizLab   | Killed an ancient champion
 54925 | WizLab   | Noticed an antique lich
 54929 | WizLab   | Paralysed by an antique lich for 2 turns
 54944 | WizLab   | Killed an antique lich
 55191 | WizLab   | Found the +9 sword of Zonguldrok {reap}
 55408 | Vaults:2 | Noticed Xtahua
 55423 | Vaults:2 | HP: 1/106 [harpy (14)]
 55423 | Vaults:2 | Slain by a harpy

Levels and vault maps discovered:
D:1:      minmay_arrival_split_and_join, layout_basic
D:2:      layout_rooms, fedhas_altar_2
D:3:      layout_basic, old_standard_altar
D:4:      cheibrodos_quashed, layout_rooms, first_ration, uniq_edmund,
          uniq_menkaure
D:5:      layout_loops_ring, kennysheep_mini, lemuel_doored_altar,
          temple_doors_e
D:6:      layout_loops_ring, nemelex_xobeh_ov_fountains_minmay,
          nicolae_overflow_hidden_temple, serial_shops,
          nicolae_shop_window_shopping, eino_curves_03, uniq_duvessa
D:7:      layout_loops_ring, lemuel_coloured_pillars_altar
D:8:      layout_basic, old_standard_altar, uniq_pikel, uniq_erica
D:9:      layout_loops_corners, nicolae_overflow_crystal_walls,
          yredelemnul_altar_generic, minmay_lair_entry_grove, orc_0_dummy
D:10:     layout_irregular_city, uniq_maggie
D:11:     layout_loops_cross, basic_altar, hangedman_stone_soup,
          onia_ninara_dug_in_and_dangerous
D:12:     layout_rooms
D:13:     lemuel_ogre_cave, layout_long_grid
D:14:     layout_basic, grunt_vaults_entry_fortified,
          kennysheep_decorative_pillar
D:15:     gammafunk_enter_depths_forms, layout_loops_ring, chequers_arboretum
Lair:1:   layout_gridlike
Lair:2:   layout_misc_corridors, nicolae_spider_entry_tight_spaces
Lair:3:   layout_misc_corridors, patterned_corridor, uniq_nergalle
Lair:4:   layout_cave_shapes, swamp_mist, basic_altar, st_stairs_13,
          serial_bayou_shore_b, grunt_megastairs_5
Lair:5:   layout_cave_pods
Lair:6:   hangedman_lair_tendril_chambers, layout_long_grid,
          hangedman_lair_in_review, slime_altar_1, st_stairs_11, minivault_25
Swamp:1:  layout_basic_swamp, evilmike_swamp_ruin_house_6
Swamp:2:  layout_falls_marsh, hangedman_swamp_blocks, swamp_pool4, uniq_jorgrun
Swamp:3:  layout_falls_marsh, evilmike_swamp_ruin_house_1, swamp_pool1,
          uniq_roxanne
Swamp:4:  swamp_old_school, layout_basic_swamp
Spider:1: spiders_nest_scorpion_pit, hangedman_spider_tarantella_strand
Spider:2: layout_spider_delve, uniq_arachne, uniq_frances
Spider:3: layout_spider_delve, portal_ice_cave_entry_dragon
Spider:4: johnstein_spider_rune_arachne_lair
Orc:1:    layout_caves, serial_shops, shop, basic_altar, uniq_urug
Orc:2:    pf_orc_diabolical, layout_caves, chequers_guarded_unrand_ignorance
Vaults:1: hangedman_vaults_cutoff, hangedman_vaults_stretched_pinwheel,
          nicolae_vaults_twisting_passages, grunt_vaults_swirl,
          nicolae_vaults_big_angled_halls, vaults_mumra_hex,
          ontoclasm_vaults_shuriken, ontoclasm_vaults_hangar,
          nicolae_vaults_what_the_h, ontoclasm_vaults_twist,
          ontoclasm_vaults_idyll, nicolae_vaults_little_squares_4,
          vaults_room_stairs_pillars, layout_vaults_big_cross, serial_shops,
          shop
Vaults:2: hangedman_vaults_variations, v_misc_13,
          nicolae_vaults_network_quinsquares
          [nicolae_vaults_network_quincunx_subvault,
          nicolae_vaults_network_quincunx_subvault,
          nicolae_vaults_network_quincunx_subvault,
          nicolae_vaults_network_quincunx_subvault],
          nicolae_vaults_display_case, vaults_standard_mumra_enter_the_diamond,
          vaults_dpeg_cross, layout_vaults_quadrants, mu_enter_wizlab_3,
          uniq_bai_suzhen, uniq_xtahua

Skill      XL: |  1  2  3  4  5  6  7  8  9 10 11 12 13 14 15 16 17 |
---------------+----------------------------------------------------+-----
Summonings     | 5 6 7 8 9 11 13 14 15 16 17 18 20 | 20.4
Armour         | 1 2 4 7 9 11 12 13 | 13.2
Fighting       | 1 2 3 4 6 7 8 9 10 11 | 11.7
Spellcasting   | 3 4 7 9 10 | 10.2
Dodging        | 3 5 6 8 9 10 | 10.4
Air Magic      | 1 3 4 |  4.0
Translocations | 8 11 | 11.6
Stealth        | |  2.0

Action                   |  1- 3 |  4- 6 |  7- 9 | 10-12 | 13-15 | 16-18 || total
-------------------------+-------+-------+-------+-------+-------+-------++-------
Melee: Unarmed           |    10 |       |       |       |       |       ||    10
       Dagger            |    69 |    36 |     9 |       |       |       ||   114
       Kick              |    16 |     9 |     7 |    81 |   178 |   142 ||   433
       Peck              |     8 |     3 |     7 |    65 |   140 |    91 ||   314
       Staff             |       |       |    24 |   309 |    20 |       ||   353
       Hand axe          |       |       |     2 |       |       |       ||     2
       Glaive            |       |       |       |       |   801 |   559 ||  1360
 Cast: Summon Small Mamm |     9 |       |       |       |       |       ||     9
       Call Imp          |    15 |    10 |    17 |    53 |     9 |       ||   104
       Call Canine Famil |     5 |    11 |    39 |    68 |    25 |     3 ||   151
       Summon Lightning  |       |     1 |    32 |    63 |   109 |    40 ||   245
       Summon Ice Beast  |       |       |       |   100 |   102 |     8 ||   210
       Shadow Creatures  |       |       |       |       |    73 |     2 ||    75
       Summon Hydra      |       |       |       |       |    37 |    83 ||   120
       Summon Mana Viper |       |       |       |       |    18 |    79 ||    97
       Malign Gateway    |       |       |       |       |       |    15 ||    15
Invok: Forget Spell      |       |       |       |       |     2 |       ||     2
 Abil: Evoke Flight      |       |     1 |       |       |       |       ||     1
       Fly               |       |       |       |       |     1 |       ||     1
Evoke: Wand              |       |     2 |     2 |       |     2 |     3 ||     9
  Use: Potion            |       |     1 |       |     4 |    14 |    10 ||    29
       Scroll            |       |       |    14 |    15 |    27 |    14 ||    70
 Stab: Sleeping          |     3 |     1 |       |       |       |       ||     4
       Distracted        |       |     1 |     2 |    10 |    15 |     2 ||    30
  Eat: Chunk             |     7 |     7 |    23 |    41 |    65 |    43 ||   186
       Ration            |       |       |     1 |     5 |    21 |    21 ||    48
Armor: Robe              |    28 |     5 |    11 |     4 |       |       ||    48
       Steam dragon scal |       |       |       |    70 |     4 |       ||    74
       Ring mail         |       |       |       |       |   287 |   202 ||   489
Dodge: Dodged            |    67 |    33 |    69 |   678 |  1996 |  1383 ||  4226

Table legend:
 A = Non-vault XP
 B = Vault XP
 C = Vault XP percentage of total XP
 D = Non-vault monster count
 E = Vault monster count
 F = Vault count percentage of total count
                 A         B        C        D         E       F
            +---------+---------+-------+---------+---------+-------
      Total |  130525 |   97890 |  42.9 |     802 |     338 |  29.6
            +---------+---------+-------+---------+---------+-------
        D:1 |      30 |       0 |   0.0 |      21 |       0 |   0.0
        D:2 |      20 |       0 |   0.0 |      13 |       0 |   0.0
        D:3 |     107 |       0 |   0.0 |      27 |       0 |   0.0
        D:4 |     158 |     169 |  51.7 |      11 |       2 |  15.4
        D:5 |     297 |       0 |   0.0 |      15 |       0 |   0.0
        D:6 |     274 |       0 |   0.0 |      19 |       0 |   0.0
        D:7 |     346 |       0 |   0.0 |      20 |       0 |   0.0
        D:8 |     682 |     820 |  54.6 |      26 |       3 |  10.3
        D:9 |    2159 |     920 |  29.9 |      36 |      12 |  25.0
       D:10 |    1260 |     199 |  13.6 |      13 |       1 |   7.1
       D:11 |    1614 |     910 |  36.1 |      11 |       4 |  26.7
       D:12 |    3968 |       0 |   0.0 |      28 |       0 |   0.0
       D:13 |    5978 |    6088 |  50.5 |      37 |      22 |  37.3
       D:14 |    3560 |    4726 |  57.0 |      21 |      10 |  32.3
       D:15 |    9182 |    2798 |  23.4 |      41 |      11 |  21.2
     Lair:1 |    2346 |       0 |   0.0 |      17 |       0 |   0.0
     Lair:2 |    6173 |    1450 |  19.0 |      38 |      10 |  20.8
     Lair:3 |    1529 |     440 |  22.3 |      12 |       1 |   7.7
     Lair:4 |    3194 |     702 |  18.0 |      21 |       5 |  19.2
     Lair:5 |    3158 |     377 |  10.7 |      26 |       1 |   3.7
     Lair:6 |    4402 |   11974 |  73.1 |      25 |      58 |  69.9
    Swamp:1 |    7813 |       0 |   0.0 |      26 |       0 |   0.0
    Swamp:2 |    4147 |    1557 |  27.3 |      14 |       1 |   6.7
    Swamp:3 |    6716 |    1028 |  13.3 |      20 |       1 |   4.8
    Swamp:4 |    4050 |   10648 |  72.4 |      15 |      26 |  63.4
   Spider:1 |    1661 |    4586 |  73.4 |       6 |      19 |  76.0
   Spider:2 |    9636 |    3248 |  25.2 |      30 |       2 |   6.2
   Spider:3 |    9453 |    3775 |  28.5 |      41 |       9 |  18.0
   Spider:4 |    7122 |   16320 |  69.6 |      32 |      41 |  56.2
      Orc:1 |     781 |    1118 |  58.9 |      14 |       4 |  22.2
      Orc:2 |    3105 |   10671 |  77.5 |      45 |      62 |  57.9
   Vaults:1 |   13449 |   10659 |  44.2 |      37 |      28 |  43.1
   Vaults:2 |    3317 |       0 |   0.0 |      12 |       0 |   0.0
     WizLab |    8838 |    2707 |  23.4 |      32 |       5 |  13.5
            +---------+---------+-------+---------+---------+-------
